 Dungeon Crawl Stone Soup version 0.23-a0-550-g7de1f8ee9f (webtiles) character file.

432 RKaid the Cudgeler (level 7, 0/81 HPs)
             Began as an Ogre Gladiator on Dec 8, 2018.
             Slain by a worker ant (3 damage)
             ... on level 4 of the Dungeon.
             The game lasted 00:15:14 (5624 turns).

RKaid the Cudgeler (Ogre Gladiator)                 Turns: 5624, Time: 00:15:15

Health: 0/81       AC:  3    Str: 25    XL:     7   Next: 0%
Magic:  7/7        EV: 10    Int: 10    God:
Gold:   227        SH:  0    Dex: 10    Spells: 6/6 levels left

rFire    . . .     SeeInvis .   a - +0 flail
rCold    + . .     Gourm    .   (no shield)
rNeg     . . .     Faith    .   j - +0 robe
rPois    .         Spirit   .   c - +0 hat
rElec    .         Reflect  .   (no cloak)
rCorr    .         Harm     .   (gloves unavailable)
MR       .....                  (boots unavailable)
Stlth    +.........             (no amulet)
HPRegen  0.63/turn              q - ring of protection from cold {rC+}
MPRegen  0.10/turn              (no ring)

@: mighty, lethally poisoned (0 -> 0), very slightly contaminated, invisible
(expiring)
A: large, unfitting armour, sense surroundings 1, regeneration 1, robust 1,
tough skin 1
a: no special abilities


You were on level 4 of the Dungeon.
You were not hungry.

You visited 1 branch of the dungeon, and saw 4 of its levels.

You collected 227 gold pieces.

Inventory:

Hand Weapons
 a - a +0 flail (weapon)
 b - a +2 dagger of draining
   (You took it off a goblin on level 3 of the Dungeon)
Missiles
 d - 2 throwing nets (quivered) {=f}
 h - 153 stones {@Q2}
 u - 8 tomahawks
 v - 13 sling bullets {@Q1}
 w - 4 needles of confusion
Armour
 c - a +0 hat (worn)
 j - a +0 robe (worn)
   (You took it off an orc wizard on level 3 of the Dungeon)
Jewellery
 k - an uncursed amulet of guardian spirit {unknown}
   (You found it on level 1 of the Dungeon)
 q - a ring of protection from cold (left hand) {rC+}
   (You found it on level 2 of the Dungeon)
Scrolls
 e - 3 scrolls of teleportation {unknown}
 i - a scroll of enchant weapon {unknown}
 l - 3 scrolls of identify {unknown}
 m - 3 scrolls of magic mapping {unknown}
 n - a scroll of blinking {unknown}
 o - 3 scrolls of remove curse
 p - a scroll of random uselessness {unknown}
 r - a scroll of enchant armour {unknown}
Potions
 g - a potion of magic
 s - a potion of invisibility
Comestibles
 f - 9 rations


   Skills:
 + Level 5.8 Fighting
 * Level 5.9 Maces & Flails
 - Level 2.0 Throwing
 - Level 2.6 Dodging


You had 6 spell levels left.
You didn't know any spells.
Your spell library was empty.

Dungeon Overview and Level Annotations

Branches:
Dungeon (4/15)
 Temple: D:4-7

Altars:


Innate Abilities, Weirdness & Mutations

You are too large for most types of armour.
You have tough skin. (AC +1)
You passively map a small area around you.
Your natural rate of healing is unusually fast.
You are robust. (+10% HP)


Message History

Menkaure, Prince of Dust comes into view.
Menkaure shouts!
Menkaure moves out of view.
Search for what [Enter for "robe", or ? for help]? armour Unknown command.
Unknown command.
Quiver which item? (- for none, * to show all) (? for menu, Esc to quit)
Quivering
d - 3 throwing nets {=f} for throwing.
An orc comes into view.
Throwing (i - inventory. (/) - cycle)
d - 3 throwing nets (quivered)
{=f}
Press: ? - help, Shift-Dir - straight line, f - Menkaure
Aim: Menkaure You throw a throwing net {=f}.
The throwing net {=f} hits Menkaure.
Menkaure is caught in the net!
The orc shouts!
The orc hits you.
Menkaure struggles against the net.
A worker ant comes into view.
Menkaure points at you and mumbles some strange words.
You struggle to resist.
Menkaure struggles against the net.
You hit Menkaure. The worker ant bites you. The orc hits you.
You catch the helpless Menkaure completely off-guard!
You hit Menkaure. The worker ant barely misses you. The orc hits you.
The worker ant bites you!
Menkaure struggles against the net.
You hit Menkaure but do no damage. The orc hits you. The worker ant bites you.
You are poisoned.
The worker ant poisons you! The orc barely misses you.
You sock Menkaure!
You feel sick. The worker ant closely misses you.
Menkaure struggles against the net.
The orc barely misses you.
You hit Menkaure but do no damage. The worker ant bites you.
Menkaure struggles against the net.
The net rips apart, and Menkaure comes free!
The orc misses you. The worker ant bites you.
You are more poisoned.
The worker ant poisons you!
You sock Menkaure!
You destroy Menkaure!
Your life force feels restored.
You have reached level 7!
You feel sick. The worker ant bites you.
You are more poisoned.
The worker ant poisons you! The orc hits you.
You feel sick. The orc closely misses you.
You feel sick.
You feel sick.
The worker ant bites you but does no damage.
You barely miss the worker ant.
You feel sick. The worker ant bites you.
* * * LOW HITPOINT WARNING * * *
You are more poisoned.
The worker ant poisons you!
Okay, then.
You feel sick.
You feel sick. The worker ant bites you.
* * * LOW HITPOINT WARNING * * *
* * * LOW HITPOINT WARNING * * *
You feel sick.
It was a potion of invisibility.
You fade into invisibility!
You feel sick. The worker ant bites you.
* * * LOW HITPOINT WARNING * * *
You are very lightly contaminated with residual magic.
Okay, then.
* * * LOW HITPOINT WARNING * * *
You feel sick.
* * * LOW HITPOINT WARNING * * *
You feel sick.
The worker ant waves its antennae.
* * * LOW HITPOINT WARNING * * *
You feel sick. The worker ant barely misses you.
It was a potion of might.
You feel very mighty all of a sudden.
* * * LOW HITPOINT WARNING * * *
You feel sick. The worker ant barely misses you.
* * * LOW HITPOINT WARNING * * *
You feel sick.
* * * LOW HITPOINT WARNING * * *
You feel sick.
It was a potion of mutation.
You feel extremely strange.
You feel robust.
You begin to heal more quickly.
You feel a strange attunement to the structure of the dungeons.
You feel sick. The worker ant bites you.
* * * LOW HITPOINT WARNING * * *
Unknown command.
* * * LOW HITPOINT WARNING * * *
You feel sick.
The worker ant bites you but does no damage.
You aren't carrying any items that you can evoke.
Unknown command.
* * * LOW HITPOINT WARNING * * *
You feel sick.
* * * LOW HITPOINT WARNING * * *
You feel sick.
* * * LOW HITPOINT WARNING * * *
You feel sick.
The worker ant waves its antennae.
* * * LOW HITPOINT WARNING * * *
You feel sick. The worker ant closely misses you.
You flicker for a moment.
You feel sick.
You feel sick. The worker ant bites you.
You die...

#.# #.# ##### #.# #...#
###.########
#...######...........
####...##.o......######.
* #.........###.....# #.
#.......a.# #....## #.
#......@..# #.#.## #. *
###....#### #.#.# #.
#....# #.#.# #. * #....#
#.#+# #. * ##[### #.. #.
#.## , * ## , #..## , ,
, #####...#### ,
...........+ .


You could see a worker ant and an orc.

Vanquished Creatures
  Menkaure (D:4)
  A centaur (D:3)
  A big kobold (D:2)
  2 orc wizards (D:3)
  A gnoll (D:2)
  3 adders (D:3)
  4 worms (D:2)
  2 dart slugs
  A leopard gecko (D:2)
  2 orcs (D:3)
  4 giant cockroaches
  4 goblins
  7 hobgoblins
  5 jackals (D:2)
  A quokka (D:2)
  5 bats
  A frilled lizard (D:2)
  9 kobolds
  14 rats
68 creatures vanquished.

Notes
Turn   | Place    | Note
-------+----------+-------------------------------------------
     0 | D:1      | RKaid the Ogre Gladiator began the quest for the Orb.
     0 | D:1      | Reached XP level 1. HP: 22/22 MP: 1/1
   503 | D:1      | Reached skill level 3 in Maces & Flails
   514 | D:1      | Reached skill level 3 in Fighting
   634 | D:1      | Reached XP level 2. HP: 31/31 MP: 2/2
  1845 | D:2      | Reached XP level 3. HP: 31/37 MP: 3/3
  2866 | D:2      | Reached XP level 4. HP: 24/48 MP: 4/4
  3130 | D:3      | Reached skill level 4 in Fighting
  3130 | D:3      | Reached skill level 4 in Maces & Flails
  3351 | D:3      | Noticed a big kobold
  3546 | D:3      | Noticed a centaur
  3559 | D:3      | HP: 10/48 [centaur (4)]
  3560 | D:3      | HP: 2/48 [centaur (5)]
  3567 | D:3      | Killed a centaur
  3567 | D:3      | Reached XP level 5. HP: 23/55 MP: 5/5
  4280 | D:2      | Killed a big kobold
  4280 | D:2      | Reached skill level 5 in Fighting
  4280 | D:2      | Reached skill level 5 in Maces & Flails
  4280 | D:2      | Reached XP level 6. HP: 46/66 MP: 6/6
  4937 | D:3      | HP: 16/66 [something (4)]
  4942 | D:3      | HP: 11/66 [something (1)]
  5586 | D:4      | Noticed Menkaure
  5596 | D:4      | Killed Menkaure
  5596 | D:4      | Reached XP level 7. HP: 38/74 MP: 7/7
  5602 | D:4      | HP: 15/74 [worker ant (4)]
  5607 | D:4      | HP: 9/74 [poisoned by a worker ant]
  5611 | D:4      | Gained mutation: You are robust. (+10% HP) [potion of
                  | mutation]
  5611 | D:4      | Gained mutation: Your natural rate of healing is unusually
                  | fast. [potion of mutation]
  5611 | D:4      | Gained mutation: You passively map a small area around you.
                  | [potion of mutation]
  5611 | D:4      | HP: 1/81 [worker ant (5)]
  5617 | D:4      | HP: 1/81 [poisoned by a worker ant]
  5624 | D:4      | HP: 3/81 [poisoned by a worker ant]
  5624 | D:4      | Slain by a worker ant

Vault maps used:
D:1:      sevenhm_arrival_forest_fort_small_6, serial_bayou,
          serial_bayou_pond_c, serial_bayou_lagoon_a, serial_bayou_pond_c,
          serial_bayou_pond_a
D:2:      minmay_quadrilaterals
D:3:      minmay_fractal_squares_gapless_5
D:4:      first_ration, uniq_menkaure

Skill      XL: |  1  2  3  4  5 |
---------------+----------------+-----
Maces & Flails | 3 4 5 |  5.9
Fighting       | 3 4 5 |  5.8
Throwing       | |  2.0
Dodging        | |  2.6

Action                   |  1- 3 |  4- 6 |  7- 9 || total
-------------------------+-------+-------+-------++-------
Melee: Flail             |   133 |   134 |     1 ||   268
       Club              |       |    12 |       ||    12
Throw: Throwing net      |       |     1 |       ||     1
       Tomahawk          |       |     1 |       ||     1
  Use: Potion            |       |     5 |     3 ||     8
       Scroll            |       |     1 |       ||     1
 Stab: Sleeping          |     1 |       |       ||     1
       Held in net/web   |       |     1 |       ||     1
  Eat: Chunk             |     6 |     7 |       ||    13
       Ration            |       |     1 |       ||     1
Armor: Robe              |    36 |    46 |     2 ||    84
       Skin              |       |     7 |       ||     7
Dodge: Dodged            |    68 |    85 |     4 ||   157

Table legend:
 A = Non-vault XP
 B = Vault XP
 C = Vault XP percentage of total XP
 D = Non-vault monster count
 E = Vault monster count
 F = Vault count percentage of total count
                 A         B        C        D         E       F
            +---------+---------+-------+---------+---------+-------
      Total |     421 |     197 |  31.9 |      58 |      10 |  14.7
            +---------+---------+-------+---------+---------+-------
        D:1 |      15 |       1 |   6.2 |      12 |       1 |   7.7
        D:2 |     157 |      19 |  10.8 |      26 |       4 |  13.3
        D:3 |     249 |       5 |   2.0 |      20 |       4 |  16.7
        D:4 |       0 |     172 | 100.0 |       0 |       1 | 100.0
            +---------+---------+-------+---------+---------+-------

Table legend:
 A = Turns spent in this place as a percentage of turns spent in the entire game.
 B = Non-inter-level travel turns spent in this place as a percentage of non-inter-level travel turns spent in the entire game.
 C = Inter-level travel turns spent in this place as a percentage of turns spent in this place.
 D = Turns resting spent in this place as a percentage of non-inter-level travel turns spent in this place.
 E = Turns spent auto-exploring this place as a percentage of non-inter-level travel turns spent in this place.
 F = Non-inter-level travel turns spent in this place divided by the number of levels of this place that you've seen.
                   A       B       C       D       E      F
               +-------+-------+-------+-------+-------+----------------------
         Total | 100.0 | 100.0 |   4.7 |  41.3 |  32.8 | 1339.8
       Dungeon | 100.0 | 100.0 |   4.7 |  41.3 |  32.8 | 1339.8
               +-------+-------+-------+-------+-------+----------------------

Table legend:
 A = Kills in this place as a percentage of kills in entire the game.
 B = Kills by you in this place as a percentage of kills by you in the entire game.
 C = Kills by friends in this place as a percentage of kills by friends in the entire game.
 D = Other kills in this place as a percentage of other kills in the entire game.
 E = Experience gained in this place as a percentage of experience gained in the entire game.
 F = Experience gained in this place divided by the number of levels of this place that you have seen.
                   A       B       C       D       E      F
               +-------+-------+-------+-------+-------+----------------------
         Total | 100.0 | 100.0 |   N/A |   N/A | 100.0 | 154.5
       Dungeon | 100.0 | 100.0 |   N/A |   N/A | 100.0 | 154.5
               +-------+-------+-------+-------+-------+----------------------
